Map: Eastwatch LE

Players

WinterSC

  • Race: Protoss Protoss
  • League: Grandmaster
  • Spawn Location: 7:00

PiG - Winner!

  • Race: Zerg Zerg
  • League: Grandmaster
  • Spawn Location: 1:00

VOD

Have the link to the VOD?

Description

Time

  • Played on: March 11, 2018, 11:56 p.m.
  • Length: 5:30
Show
View Real Time Build Order
Export as new Build Order

WinterSC Protoss 

Build Orders:  

Get SALT Encoding   

  12  0:00  Probe  
  13  0:13  Probe  
  14  0:20  Pylon  
  14  0:25  Probe  
  15  0:38  Probe (Chrono Boost)  
  16  0:49  Probe (Chrono Boost)  
  17  0:53  Probe (Chrono Boost)  
  18  1:04  Probe  
  18  1:07  Nexus  
  19  1:18  Gateway  
  19  1:21  Probe (Chrono Boost)  
  20  1:31  Assimilator  
  20  1:32  Probe (Chrono Boost)  
  21  1:36  Probe (Chrono Boost)  
  21  1:39  Assimilator  
  22  1:47  Probe  
  23  2:12  Cybernetics Core  
  23  2:18  Probe  
  23  2:20  Probe  
  25  2:23  Pylon  
  25  2:30  Probe  
  25  2:32  Probe  
  27  2:43  Probe  
  28  2:45  Probe, Stalker (Chrono Boost)  
  28  2:48  Warp Gate  
  31  2:54  Twilight Council  
  31  2:55  Probe  
  31  2:56  Pylon  
  31  2:57  Probe  
  33  3:08  Probe  
  33  3:09  Probe  
  33  3:10  Shield Battery  
  33  3:11  Adept  
  37  3:20  Probe  
  37  3:24  Gateway  
  37  3:26  Gateway, Charge (Chrono Boost)  
  38  3:35  Gateway  
  38  3:47  Probe  
  39  3:49  Robotics Facility  
  39  3:54  Probe  
  40  4:13  Gateway  
  40  4:16  Gateway  
  39  4:17  Gateway  
  39  4:20  Gateway  
  39  4:27  Probe  
  39  4:28  Pylon  
  40  4:31  Pylon  
  40  4:35  Warp Prism (Chrono Boost)  
  42  4:53  Sentry  
  44  5:01  Zealot  
  44  5:02  Zealot x2, Gateway  
  50  5:18  Pylon  
  50  5:23  Zealot  
  50  5:24  Zealot x5  
Show
View Real Time Build Order
Export as new Build Order

PiG Zerg - Winner!

Build Orders: Hatch First 

Get SALT Encoding   

  12  0:01  Drone  
  13  0:14  Overlord  
  13  0:17  Drone  
  14  0:32  Drone x2  
  16  0:36  Drone  
  17  0:52  Hatchery  
  16  1:00  Drone x2  
  18  1:14  Extractor, Spawning Pool  
  18  1:17  Drone  
  17  1:21  Drone  
  18  1:30  Drone  
  19  1:42  Overlord  
  19  1:51  Drone  
  20  2:01  Queen  
  20  2:02  Zergling x2  
  20  2:05  Zergling x2, Queen  
  26  2:12  Zergling x2  
  27  2:15  Drone  
  27  2:17  Metabolic Boost  
  28  2:24  Drone  
  28  2:29  Drone  
  30  2:41  Hatchery  
  30  2:42  Drone x2  
  31  2:49  Overlord  
  31  2:59  Drone x2  
  31  3:00  Drone  
  31  3:02  Queen  
  36  3:08  Overlord  
  36  3:21  Drone x6  
  42  3:31  Drone x3  
  44  3:39  Overlord  
  44  3:44  Roach Warren  
  44  3:46  Queen  
  45  3:49  Overlord  
  45  3:53  Extractor, Drone x2  
  45  3:54  Drone  
  47  3:56  Drone x2  
  47  3:59  Drone  
  49  4:05  Drone  
  50  4:12  Drone x2  
  50  4:15  Overlord, Lair  
  50  4:16  Drone x3  
  55  4:23  Drone  
  56  4:24  Drone  
  56  4:28  Extractor  
  56  4:30  Roach  
  56  4:31  Roach x3  
  63  4:33  Zergling x2  
  63  4:38  Overlord  
  64  4:43  Zergling x2  
  64  4:44  Overlord  
  65  4:54  Spore Crawler  
  65  4:56  Spore Crawler  
  64  5:00  Ravager x2  
  64  5:03  Zergling x4  
  64  5:04  Overlord  
  64  5:05  Roach x5  
Tags
 
Add a new tag
Caveats
  • Supply blocks, unpowered buildings, or Contaminate may cause inaccurate times.
  • Supply counts are checked every 10 seconds.